 Dungeon Crawl Stone Soup version 0.13.2 (webtiles) character file.

58 Morbidden the Charmwright (level 2, 16/21 HPs)
             Began as a Demonspawn Skald on Aug 7, 2020.
             Quit the game on Level 1 of the Dungeon.
             The game lasted 00:01:12 (301 turns).

Morbidden the Charmwright (Demonspawn Skald)         Turns: 301, Time: 00:01:12

HP  16/21        AC  3     Str 12      XL: 2   Next:  6%
MP   0/5         EV 10     Int 13      God:
Gold 49          SH  0     Dex 12      Spells:  1 memorised,  4 levels left

Res.Fire  : . . .   See Invis. : .   a - +0 falchion
Res.Cold  : . . .   Warding    : .   b - +0 leather armour
Life Prot.: . . .   Conserve   : .   (no shield)
Res.Poison: .       Res.Corr.  : .   (helmet restricted)
Res.Elec. : .       Clarity    : .   (no cloak)
Sust.Abil.: . .     Spirit.Shd : .   (no gloves)
Res.Mut.  : .       Stasis     : .   (no boots)
Res.Rott. : .       Flight     : .   (no amulet)
Saprovore : . . .                    (no ring)
                                     (no ring)

@: not resistant to hostile enchantments, very unstealthy
A: antennae 1
a: no special abilities


You were on level 1 of the Dungeon.
You were not hungry.

You visited 1 branch of the dungeon, and saw 1 of its levels.

You collected 29 gold pieces.

Inventory:

Hand weapons
 a - a +0,+0 falchion (weapon)
Missiles
 k - 18 darts (quivered)
Armour
 b - a +0 leather armour (worn)
Comestibles
 d - 2 bread rations
 j - a meat ration
Scrolls
 e - a scroll of identify {unknown}
 g - a scroll of random uselessness {unknown}
 i - 3 scrolls of remove curse {unknown}
Potions
 f - a potion of degeneration {unknown}
 h - a potion of brilliance {unknown}
Books
 c - a book of Battle

   Spells                             Type                      Level
   *Infusion                          Charms                       1
   Shroud of Golubria                 Charms/Translocation         2
   Song of Slaying                    Charms                       2
   Spectral Weapon                    Hexes/Charms                 3
   Regeneration                       Charms/Necromancy            3
   Song of Shielding                  Charms                       4


   Skills:
 * Level 2.0 Fighting
 + Level 2.0 Long Blades
 + Level 1.0 Armour
 * Level 1.1 Dodging
 * Level 2.1 Spellcasting
 + Level 2.8 Charms


You had 4 spell levels left.
You knew the following spells:

 Your Spells              Type           Power        Failure   Level  Hunger
a - Infusion              Chrm           #.....       10%         1    ##.....


Dungeon Overview and Level Annotations

Branches:
Dungeon (1/27)

Altars:


Innate Abilities, Weirdness & Mutations

You have a pair of small antennae on your head.


Message History

Confirm with . or Enter, or press ? or * to list all spells.
Your attacks are magically infused.
You hit the giant newt.
You kill the giant newt!
You have reached level 2!
You feel monstrous as your demonic heritage exerts itself.
Your demonic ancestry asserts itself...
A pair of antennae grows on your head! The hobgoblin closely misses you.
Unknown command.
You hit the hobgoblin.
You kill the hobgoblin!
Your Long Blades skill increases to level 2!
The rat barely misses you.
You hit the rat but do no damage. The rat barely misses you.
You closely miss the rat. The rat barely misses you.
The kobold closely misses you.
Quiver which item? (- for none, * to show all) (? for menu, Esc to quit)
Okay, then.
Are you sure you want to abandon this character and quit the game? (Confirm with "yes".)

####.##..≈###.#
#.#..#.#####
#...###.≈..##.#
#.##......... .###
#..#..##.# #.##.# ### ##
#...##...# #....#...
#############.#####..#.#
...... .. ......#....#
##########.##.###.##.#.#
..............###K...#.#
##########......@r#..# #
#......##.########..#.####
#......#
..K..............#
##......#
.#.....##l###....
%'......+ +.... .rg. #..
##......# #... #...l. #
##......## #.. #....g.)
........... # #.....#
########## #...##


You could see a kobold and a rat.

Vanquished Creatures
  A bat (D:1)
  A goblin (D:1)
  A hobgoblin (D:1)
  A giant gecko (D:1)
  4 giant newts (D:1)
  2 kobolds (D:1)
  A rat (D:1)
11 creatures vanquished.

Notes
Turn   | Place    | Note
--------------------------------------------------------------
     0 | D:1      | Morbidden, the Demonspawn Skald, began the quest for the Orb.
     0 | D:1      | Reached XP level 1. HP: 15/15 MP: 3/3
    65 | D:1      | Reached skill level 1 in Dodging
   210 | D:1      | Reached skill level 1 in Armour
   296 | D:1      | Gained mutation: You have a pair of small antennae on your head. [demonic ancestry]
   296 | D:1      | Reached XP level 2. HP: 15/21 MP: 1/5
   301 | D:1      | Quit the game

Action                   || total
-------------------------++-------
Melee: Falchion          ||    28
 Cast: Infusion          ||     8
